 Dungeon Crawl Stone Soup version 0.26.1-11-gd32895ea62 (webtiles) character file.

Game seed: 7866385392975263950

7463 jlumianski the Magician (level 11, -3/76 HPs)
             Began as a Gnoll Warper on May 2, 2021.
             Was an Elder of Hepliaklqana.
             Slain by an orc warlord
             ... wielding a +3 great mace of protection
              (34 damage)
             ... on level 11 of the Dungeon.
             The game lasted 01:25:22 (12385 turns).

jlumianski the Magician (Gnoll Warper)             Turns: 12385, Time: 01:25:22

Health: -3/76      AC: 17    Str: 21    XL:     11   Next: 15%
Magic:  22/22      EV: 18    Int: 20    God:    Hepliaklqana [****..]
Gold:   218        SH:  0    Dex: 20    Spells: 20/25 levels left

rFire    . . .     SeeInvis +   U - +6 battleaxe (freeze)
rCold    x . .     Faith    .   (shield currently unavailable)
rNeg     . . .     Spirit   .   X - +3 leather armour "Amnoptot" {rC- Str+8}
rPois    .         Reflect  .   (no helmet)
rElec    .         Harm     .   (no cloak)
rCorr    .         Rampage  .   v - +2 pair of gloves
Will     .....                  p - +2 pair of boots
Stlth    +++.......             (no amulet)
HPRegen  0.22/turn              s - +6 ring of dexterity
MPRegen  0.18/turn              S - +4 ring of protection

@: no status effects
A: distributed training, reduced essence, fangs 1, talons 1, see invisible,
strong nose
a: Renounce Religion, Recall Ancestor, Ancestor Identity, Transference, Idealise


You were on level 11 of the Dungeon.
You worshipped Hepliaklqana.
Hepliaklqana was greatly pleased with you.
You visited 4 branches of the dungeon, and saw 15 of its levels.
You also visited: Bailey.

You collected 821 gold pieces.
You spent 603 gold pieces at shops.

Inventory:

Hand Weapons
 F - a +2 dire flail of holy wrath
 U - a +6 battleaxe of freezing (weapon)
Missiles
 c - 2 throwing nets
 e - 11 boomerangs of dispersal
 x - 28 boomerangs (quivered)
 G - 42 poisoned darts
Armour
 p - a +2 pair of boots (worn)
 v - a +2 pair of gloves (worn)
 X - the +3 leather armour "Amnoptot" (worn) {rC- Str+8}
   (You bought it in a shop on level 10 of the Dungeon)

   It affects your strength (+8).
   It makes you vulnerable to cold.
Jewellery
 i - an uncursed ring of willpower {unknown}
 s - a +6 ring of dexterity (left hand)
 u - an uncursed ring of ice
 S - a +4 ring of protection (right hand)
 Y - an uncursed ring of see invisible
Wands
 y - a wand of flame (29)
 K - a wand of iceblast (33)
 M - a wand of disintegration (38)
Scrolls
 d - 3 scrolls of blinking
 f - 16 scrolls of identify
 j - 4 scrolls of teleportation
 n - a scroll of fear
 w - 4 scrolls of remove curse
 H - 2 scrolls of magic mapping
Potions
 g - 5 potions of might
 h - a potion of flight
 A - a potion of lignification
 J - a potion of heal wounds
 O - 3 potions of curing


   Skills:
 + Level 7.6 Fighting
 + Level 6.0 Short Blades
 + Level 6.0 Long Blades
 + Level 7.6 Axes
 + Level 6.0 Maces & Flails
 + Level 6.0 Polearms
 + Level 6.0 Staves
 + Level 6.0 Slings
 + Level 6.0 Bows
 + Level 6.0 Crossbows
 + Level 6.6 Throwing
 + Level 6.6 Armour
 + Level 7.6 Dodging
 + Level 6.0 Stealth
 + Level 6.0 Shields
 + Level 6.0 Unarmed Combat
 + Level 7.9 Spellcasting
 + Level 5.0 Conjurations
 + Level 5.0 Hexes
 + Level 5.0 Summonings
 + Level 5.0 Necromancy
 + Level 7.5 Translocations
 + Level 5.0 Transmutations
 + Level 5.0 Fire Magic
 + Level 5.0 Ice Magic
 + Level 5.0 Air Magic
 + Level 5.0 Earth Magic
 + Level 5.0 Poison Magic
 + Level 6.6 Invocations
 + Level 6.0 Evocations


You had 20 spell levels left.
You knew the following spells:

 Your Spells              Type           Power        Failure   Level
a - Blink                 Tloc           N/A          1%          2
b - Gell's Gravitas       Tloc           18%          1%          3

Your spell library contained the following spells:

 Spells                   Type           Power        Failure   Level
 Lesser Beckoning         Tloc           18%          1%          3
 Teleport Other           Tloc           37%          1%          3
 Passage of Golubria      Tloc           N/A          4%          4
 Leda's Liquefaction      Hex/Erth       13%          13%         4
 Bolt of Magma            Conj/Fire/Erth 13%          34%         5
 Iron Shot                Conj/Erth      13%          89%         6
 Statue Form              Tmut/Erth      18%          89%         6
 Shatter                  Erth           13%          100%        9


Dungeon Overview and Level Annotations

Branches:
Dungeon (12/15)            Temple (1/1) D:4            Lair (1/6) D:11
    Orc (1/2) D:11         Bailey (visited)

Altars:
Ashenzari
Cheibriados
Dithmenos
Elyvilon
Fedhas
Gozag
Hepliaklqana
Kikubaaqudgha
Makhleb
Nemelex Xobeh
Okawaru
Qazlal
Ru
Sif Muna
Trog
Uskayaw
Vehumet
Wu Jian
Xom
Yredelemnul
Zin
The Shining One

Shops:
D:6 [   D:10 [?*(=

Portals:
Trove: D:10 (give 16 scrolls of teleportation)

Annotations:
Orc:1 Maurice


Innate Abilities, Weirdness & Mutations

Your experience applies equally to all skills.
You have very sharp teeth.
Your uncanny sense of smell can sniff out nearby items.
Your life essence is reduced to manifest your ancestor. (-10% HP)
You have sharp toenails.
You have supernaturally acute eyesight. (SInv)


Message History

The orc warlord roars a battlecry!
The orcs go into a battle-frenzy!
You climb upwards.
Welcome back to the Dungeon!
There is a staircase to the Orcish Mines here.
You slice the orc warlord!! You freeze the orc warlord!
Your bite misses the orc warlord.
The orc warlord is moderately wounded.
You barely miss the orc warrior. You barely miss the orc.
The orc warrior misses you. The orc barely misses you.
Tiberius hits the orc warlord with a +0 quarterstaff!
The orc warlord hits you with a +3 great mace of protection!!
You barely miss the orc warlord.
The orc warlord is moderately wounded.
You slash the orc warrior! You freeze the orc warrior. You hit the orc.
You freeze the orc.
The orc warrior hits you with a +0 short sword!
Tiberius hits the orc warlord with a +0 quarterstaff!
The orc misses you.
The orc warlord hits you with a +3 great mace of protection!!
You die...

...#.# #.........#
...#.######)(.......#
...#..)(((([........#
...#######..........#
'### ###..........#
.### #............#
.#.# #.#[.........#
##.# #.#.....[Ro..#
...# #.##....)@o..#
##.# #.#####...o###
##.# #.# ###### ...#
#.# .#.# ###.# ...#
#...# ##.###.###
#.....# #######


You could see the friendly Tiberius the battlemage, an orc warlord, an orc
warrior (strong) and an orc (strong).

Vanquished Creatures
  A two-headed ogre (D:9)
  Urug (D:10)
  A cane toad (D:11)
  A wraith (D:11)
  A wyvern (D:11)
  Edmund (D:6)
  3 wargs (D:11)
  A water moccasin (D:11)
  7 orc warriors
  A phantom (D:6)
  A sky beast (D:5)
  A hornet zombie (D:9)
  A centaur (D:5)
  2 ogres
  3 bullfrogs (D:7)
  4 scorpions
  5 killer bees (D:6)
  4 wights
  An electric eel (Lair:1)
  2 bullfrog zombies
  A centaur zombie (D:7)
  A jelly (D:5)
  A hound (D:9)
  2 orc priests (D:11)
  8 orc wizards
  A bullfrog skeleton (D:4)
  2 iguanas
  A worker ant (D:4)
  2 hound skeletons
  8 adders
  2 gnolls (D:9)
  A howler monkey skeleton (D:4)
  2 ufetubi
  An ooze (D:1)
  An adder zombie (D:4)
  An adder skeleton (D:9)
  2 worms
  5 dart slugs
  5 leopard geckos
  28 orcs
  6 bats
  14 giant cockroaches
  9 goblins
  7 hobgoblins
  6 jackals
  3 quokkas
  3 ball pythons
  3 frilled lizards
  15 kobolds
  A leopard gecko skeleton (D:8)
  4 rats
188 creatures vanquished.

Vanquished Creatures (collateral kills)
  A cyclops (D:8)
  Sigmund (D:4)
  A warg (D:11)
  2 ogres (D:11)
  2 sky beasts
  An ice beast (D:7)
  An orc warrior (Bailey)
  2 phantoms
  A centaur (D:8)
  A bullfrog (D:9)
  A killer bee (D:6)
  A scorpion (D:11)
  5 wights
  2 bullfrog zombies
  An orc priest (D:9)
  2 hounds (D:4)
  2 centaur skeletons
  2 iguanas (D:7)
  4 orc wizards
  2 worker ants
  A hound skeleton (D:8)
  A worker ant zombie (D:5)
  2 gnolls
  3 adders
  A white imp (D:6)
  An ufetubus (D:6)
  An ooze (D:4)
  5 orcs
  2 giant cockroaches
  3 goblins (D:10)
  A hobgoblin (D:4)
  A kobold (Bailey)
57 creatures vanquished.

Vanquished Creatures (others)
  6 battlemagi
  3 ancestors
  3 plants
12 creatures vanquished.

Grand Total: 257 creatures vanquished

Notes
Turn   | Place    | Note
-------+----------+-------------------------------------------
     0 | D:1      | jlumianski the Gnoll Warper began the quest for the Orb.
     0 | D:1      | Reached XP level 1. HP: 20/20 MP: 6/6
   114 | D:1      | Reached XP level 2. HP: 24/26 MP: 7/7
   369 | D:1      | Learned a level 2 spell: Blink
   742 | D:1      | Reached XP level 3. HP: 24/31 MP: 7/9
   922 | D:2      | Reached skill level 5 in Spellcasting
  1274 | D:2      | Reached skill level 1 in Invocations
  1367 | D:2      | Learned a level 3 spell: Gell's Gravitas
  1581 | D:2      | Reached skill level 1 in Short Blades
  1581 | D:2      | Reached skill level 1 in Long Blades
  1581 | D:2      | Reached skill level 1 in Maces & Flails
  1581 | D:2      | Reached skill level 1 in Polearms
  1581 | D:2      | Reached skill level 1 in Staves
  1581 | D:2      | Reached skill level 1 in Slings
  1581 | D:2      | Reached skill level 1 in Bows
  1581 | D:2      | Reached skill level 1 in Crossbows
  1581 | D:2      | Reached skill level 1 in Stealth
  1581 | D:2      | Reached skill level 1 in Shields
  1581 | D:2      | Reached skill level 1 in Unarmed Combat
  1581 | D:2      | Reached skill level 1 in Evocations
  1709 | D:2      | Reached XP level 4. HP: 38/38 MP: 11/11
  1851 | D:2      | Found a shadowy altar of Dithmenos.
  2059 | D:2      | Reached skill level 1 in Conjurations
  2059 | D:2      | Reached skill level 1 in Hexes
  2059 | D:2      | Reached skill level 1 in Summonings
  2059 | D:2      | Reached skill level 1 in Necromancy
  2059 | D:2      | Reached skill level 1 in Transmutations
  2059 | D:2      | Reached skill level 1 in Fire Magic
  2059 | D:2      | Reached skill level 1 in Ice Magic
  2059 | D:2      | Reached skill level 1 in Air Magic
  2059 | D:2      | Reached skill level 1 in Earth Magic
  2059 | D:2      | Reached skill level 1 in Poison Magic
  2315 | D:2      | Found a faded altar of an unknown god.
  2525 | D:3      | Reached XP level 5. HP: 42/43 MP: 8/12
  3013 | D:4      | Found a blossoming altar of Fedhas.
  3016 | D:4      | Found a staircase to the Ecumenical Temple.
  3023 | Temple   | Entered the Ecumenical Temple
  3230 | Temple   | Became a worshipper of Hepliaklqana the Forgotten
  3241 | D:4      | Noticed a phantom
  3709 | D:4      | Reached XP level 6. HP: 43/45 MP: 13/13
  3756 | D:4      | Found a radiant altar of Vehumet.
  3903 | D:4      | Reached skill level 5 in Fighting
  3903 | D:4      | Reached skill level 5 in Axes
  3903 | D:4      | Reached skill level 5 in Dodging
  3972 | D:4      | Noticed Sigmund
  3991 | D:4      | Killed Sigmund
  3992 | D:4      | Reached XP level 7. HP: 45/50 MP: 15/15
  4418 | D:5      | Entered Level 5 of the Dungeon
  4565 | D:5      | Found a hide-covered altar of Uskayaw.
  5072 | D:5      | Reached XP level 8. HP: 34/56 MP: 16/16
  5527 | D:6      | Noticed Edmund
  5547 | D:6      | Killed Edmund
  5721 | D:6      | Found Porofedgh's Antique Armour Shoppe.
  5729 | D:6      | Bought a pair of runed gloves for 232 gold pieces
  5819 | D:6      | Reached * piety under Hepliaklqana
  6453 | D:6      | Found a sparkling altar of Nemelex Xobeh.
  6461 | D:6      | Found an ancient bone altar of Kikubaaqudgha.
  7375 | D:7      | Reached XP level 9. HP: 40/62 MP: 18/18
  7512 | D:7      | Reached ** piety under Hepliaklqana
  7513 | D:7      | Remembered your ancestor Tiberius as a battlemage
  7983 | D:7      | Reached skill level 5 in Throwing
  7983 | D:7      | Reached skill level 5 in Armour
  8322 | D:8      | Noticed a cyclops
  8331 | D:8      | Killed a cyclops
  8332 | D:8      | Reached skill level 5 in Invocations
  8676 | D:9      | Found an iron altar of Okawaru.
  8744 | D:9      | Reached XP level 10. HP: 64/69 MP: 20/20
  8782 | D:9      | Noticed a two-headed ogre
  8797 | D:9      | Killed a two-headed ogre
  8798 | D:9      | Reached skill level 5 in Short Blades
  8798 | D:9      | Reached skill level 5 in Long Blades
  8798 | D:9      | Reached skill level 5 in Maces & Flails
  8798 | D:9      | Reached skill level 5 in Polearms
  8798 | D:9      | Reached skill level 5 in Staves
  8798 | D:9      | Reached skill level 5 in Slings
  8798 | D:9      | Reached skill level 5 in Bows
  8798 | D:9      | Reached skill level 5 in Crossbows
  8798 | D:9      | Reached skill level 5 in Stealth
  8798 | D:9      | Reached skill level 5 in Shields
  8798 | D:9      | Reached skill level 5 in Unarmed Combat
  8798 | D:9      | Reached skill level 5 in Evocations
  9209 | D:9      | Reached *** piety under Hepliaklqana
  9365 | D:10     | Entered Level 10 of the Dungeon
  9365 | D:10     | Found Kotuekk's Armour Shop.
  9382 | D:10     | Bought the +3 leather armour "Amnoptot" {rC- Str+8} for 371
                  | gold pieces
  9438 | D:10     | Found a portal to a secret trove of treasure.
  9463 | D:10     | Found Nuimm's Magic Scroll Boutique.
  9480 | D:10     | Found Bytiroh's Weapon Shop.
  9507 | D:10     | Found Asyal's Jewellery Boutique.
  9520 | D:10     | Found Gixem Day's Assorted Antiques.
  9578 | D:10     | Found a flagged portal.
  9587 | Bailey   | Entered a bailey
  9755 | Bailey   | Found a bloodstained altar of Trog.
 10145 | D:10     | Noticed Urug
 10163 | D:10     | Killed Urug
 10548 | D:11     | Found a staircase to the Lair.
 10773 | D:11     | Reached **** piety under Hepliaklqana
 11316 | D:11     | Reached XP level 11. HP: 75/75 MP: 22/22
 11319 | D:11     | Found a staircase to the Orcish Mines.
 11542 | D:12     | Noticed a centaur warrior
 11867 | D:12     | Noticed a cyan ugly thing
 11940 | Lair:1   | Entered Level 1 of the Lair of Beasts
 11948 | D:11     | Gained mutation: Your body sometimes deteriorates upon
                  | taking damage. [potion of mutation]
 11948 | D:11     | Gained mutation: You are partially covered in icy blue
                  | scales. (AC +2) [potion of mutation]
 11948 | D:11     | Gained mutation: You do not regenerate when monsters are
                  | visible. [potion of mutation]
 11948 | D:11     | Gained mutation: Your flesh is cold resistant. (rC+)
                  | [potion of mutation]
 11949 | D:11     | Lost mutation: Your body sometimes deteriorates upon taking
                  | damage. [potion of mutation]
 11949 | D:11     | Lost mutation: You do not regenerate when monsters are
                  | visible. [potion of mutation]
 11949 | D:11     | Lost mutation: Your flesh is cold resistant. (rC+) [potion
                  | of mutation]
 11949 | D:11     | Lost mutation: You are partially covered in icy blue
                  | scales. (AC +2) [potion of mutation]
 11949 | D:11     | Gained mutation: You have supernaturally acute eyesight.
                  | (SInv) [potion of mutation]
 11949 | D:11     | Gained mutation: You have sharp toenails. [potion of
                  | mutation]
 12268 | Orc:1    | Entered Level 1 of the Orcish Mines
 12268 | Orc:1    | Noticed an orc warlord
 12271 | Orc:1    | Noticed Maurice
 12276 | D:11     | Reached skill level 5 in Conjurations
 12276 | D:11     | Reached skill level 5 in Hexes
 12276 | D:11     | Reached skill level 5 in Summonings
 12276 | D:11     | Reached skill level 5 in Necromancy
 12276 | D:11     | Reached skill level 5 in Transmutations
 12276 | D:11     | Reached skill level 5 in Fire Magic
 12276 | D:11     | Reached skill level 5 in Ice Magic
 12276 | D:11     | Reached skill level 5 in Air Magic
 12276 | D:11     | Reached skill level 5 in Earth Magic
 12276 | D:11     | Reached skill level 5 in Poison Magic
 12385 | D:11     | Slain by an orc warlord

Illustrated notes

Levels and vault maps discovered:
D:1:      dpeg_arrival_renting, layout_basic, serial_forest,
          infiniplex_forest_straight_2, infiniplex_forest_end_3,
          infiniplex_forest_lined_3, minmay_strange_pillars, item_on_display_a
D:2:      minmay_roachtagon, layout_loops_ring, chequers_ecumenical_altar_lobes,
          grunt_dithmenos_smoke_and_mirrors
D:3:      layout_rooms, minivault_25
D:4:      layout_rooms, lemuel_crystal_altar, vehumet_altar_wand_db,
          minmay_temple_entry_gardened_gates, uniq_sigmund
D:5:      layout_basic, eat_drink_and_be_merry_uskayaw
D:6:      layout_cave_pods, amethyst_overflow_temple_binary, serial_shops,
          nicolae_shop_trees, kennysheep_flooded_box, uniq_edmund
D:7:      layout_cave_pools
D:8:      layout_rooms
D:9:      layout_rooms, nicolae_overflow_crystal_walls, grunt_decor_mini_mirrors
D:10:     layout_rooms, serial_shops, shop_fountains, kennysheep_mini_moat,
          shop, shop, nicolae_shop_temple_entry_statues_fountains,
          nicolae_trove_entry_crystal, enter_bailey_3, uniq_urug
D:11:     layout_basic, erik_lair_orcish_takeover, minmay_orc_entry_guard_dogs
D:12:     minmay_tile_spiral, layout_basic
Temple:   eino_temple_rhombus
Lair:1:   layout_small_grid, lemuel_fruit_tree, serial_bayou_shore_a,
          infiniplex_staircase_pool_2
Orc:1:    gammafunk_beogh_shrine, layout_diamond_mine, uniq_maurice

Skill      XL: |  1  2  3  4  5  6  7  8  9 10 11 |
---------------+----------------------------------+-----
Spellcasting   | 5 6 7 |  7.9
Invocations    | 1 2 3 4 5 6 |  6.6
Short Blades   | 1 2 3 4 5 6 |  6.0
Long Blades    | 1 2 3 4 5 6 |  6.0
Maces & Flails | 1 2 3 4 5 6 |  6.0
Polearms       | 1 2 3 4 5 6 |  6.0
Staves         | 1 2 3 4 5 6 |  6.0
Slings         | 1 2 3 4 5 6 |  6.0
Bows           | 1 2 3 4 5 6 |  6.0
Crossbows      | 1 2 3 4 5 6 |  6.0
Stealth        | 1 2 3 4 5 6 |  6.0
Shields        | 1 2 3 4 5 6 |  6.0
Unarmed Combat | 1 2 3 4 5 6 |  6.0
Evocations     | 1 2 3 4 5 6 |  6.0
Conjurations   | 1 2 3 4 5 |  5.0
Hexes          | 1 2 3 4 5 |  5.0
Summonings     | 1 2 3 4 5 |  5.0
Necromancy     | 1 2 3 4 5 |  5.0
Transmutations | 1 2 3 4 5 |  5.0
Fire Magic     | 1 2 3 4 5 |  5.0
Ice Magic      | 1 2 3 4 5 |  5.0
Air Magic      | 1 2 3 4 5 |  5.0
Earth Magic    | 1 2 3 4 5 |  5.0
Poison Magic   | 1 2 3 4 5 |  5.0
Throwing       | 3 4 5 6 |  6.6
Armour         | 3 4 5 6 |  6.6
Fighting       | 5 6 7 |  7.6
Axes           | 5 6 7 |  7.6
Dodging        | 5 6 7 |  7.6
Translocations | 6 7 |  7.5

Action                   |  1- 3 |  4- 6 |  7- 9 | 10-12 || total
-------------------------+-------+-------+-------+-------++-------
Melee: Hand axe          |    89 |   110 |   201 |       ||   400
       Bite              |     3 |    14 |    41 |    11 ||    69
       Punch             |     1 |     2 |     2 |       ||     5
       War axe           |       |       |    39 |       ||    39
       Battleaxe         |       |       |    32 |   111 ||   143
Throw: Stone             |    39 |    59 |     8 |       ||   106
       Dart              |       |       |    11 |    13 ||    24
       Boomerang         |       |       |       |    13 ||    13
 Cast: Blink             |     6 |     9 |     7 |    10 ||    32
       Gell's Gravitas   |     3 |     8 |    12 |    21 ||    44
Invok: Ancestor Identity |       |       |     1 |       ||     1
       Recall Ancestor   |       |       |     1 |       ||     1
       Ancestor Life: Ba |       |       |     1 |       ||     1
Evoke: Wand              |       |       |     1 |     5 ||     6
  Use: Potion            |     1 |     2 |     3 |    10 ||    16
       Scroll            |       |     2 |     9 |    10 ||    21
 Stab: Sleeping          |       |     1 |     3 |     2 ||     6
       Distracted        |       |       |     4 |       ||     4
Armor: Leather armour    |    12 |    27 |    21 |    56 ||   116
       Ring mail         |       |       |    91 |    17 ||   108
Dodge: Dodged            |    80 |   100 |   258 |   236 ||   674
